IL
LOUISVILLE BATS @ INDIANAPOLIS INDIANS
07/26/2049
 
TOP OF THE 1ST
Louisville Bats batting - Pitching for Indianapolis Indians : RHP Jeremy Parsnip
Pitching: RHP Jeremy Parsnip
Batting: RHB Won-jun Park 0-0: Called Strike
0-1: Ground out 4-3 (Groundball, 4, EV 81.9 MPH)
Batting: SHB Paul Sandoval 0-0: DOUBLE (Flyball, 78D, EV 111.9 MPH)
Batting: LHB Jamie Spangenberg 0-0: Swinging Strike
0-1: Called Strike
0-2: SINGLE (Groundball, 34D, EV 97.5 MPH)
Paul Sandoval to third
Runner from 3rd tries for Home, SAFE, throw by RF to home
Jamie Spangenberg to second
Batting: RHB Juan Reyes 0-0: Called Strike
0-1: Ball
1-1: Called Strike
1-2: Strikes out swinging
Batting: RHB Jonathan Robies 0-0: Foul Ball, location: 2F
0-1: Called Strike
0-2: Strikes out swinging
Top of the 1st over - 1 run, 2 hits, 0 errors, 1 left on base; Louisville 1 - Indianapolis 0
BOTTOM OF THE 1ST
Indianapolis Indians batting - Pitching for Louisville Bats : LHP Edwin Pacheco
Pitching: LHP Edwin Pacheco
Batting: RHB Nick Wicker 0-0: Ball
1-0: Ball
2-0: Ball
3-0: Called Strike
3-1: Base on Balls
Batting: RHB Hugo Zacarias 0-0: Called Strike
0-1: Swinging Strike
0-2: Strikes out swinging
Batting: RHB Alain Marquet 0-0: Foul Ball, location: 2F
0-1: Swinging Strike
0-2: Grounds into double play, 5-4-3 (Groundball, 56, EV 83.1 MPH)
Bottom of the 1st over - 0 runs, 0 hits, 0 errors, 0 left on base; Louisville 1 - Indianapolis 0
TOP OF THE 2ND
Louisville Bats batting - Pitching for Indianapolis Indians : RHP Jeremy Parsnip
Batting: LHB Leo Gomez 0-0: Ball
1-0: Ball
2-0: Fly out, F8 (Flyball, 8LD, EV 99.4 MPH)
Batting: LHB Jared Paige 0-0: Called Strike
0-1: Foul Ball, location: 2F
0-2: Ball
1-2: Ball
2-2: Ball
3-2: SINGLE (Line Drive, 4D, EV 96.2 MPH)
Batting: RHB Danny Real 0-0: Called Strike
0-1: SINGLE (Groundball, 5S, EV 74.4 MPH) (infield hit)
Jared Paige to second
Batting: RHB Ben Hinman 0-0: Called Strike
0-1: Ball
1-1: Swinging Strike
1-2: Ground out 6-3 (Groundball, 6MS, EV 70.0 MPH)
Jared Paige to third
Danny Real to second
Batting: RHB Won-jun Park 0-0: Foul Ball, location: 2F
0-1: Swinging Strike
0-2: Ball
1-2: Foul Ball, location: 2F
1-2: Fly out, F8 (Flyball, 8RM, EV 84.4 MPH)
Top of the 2nd over - 0 runs, 2 hits, 0 errors, 2 left on base; Louisville 1 - Indianapolis 0
BOTTOM OF THE 2ND
Indianapolis Indians batting - Pitching for Louisville Bats : LHP Edwin Pacheco
Batting: RHB Chris Pozzi 0-0: Called Strike
0-1: Ball
1-1: Ball
2-1: Ball
3-1: Foul Ball, location: 2F
3-2: Fly out, F7 (Line Drive, 78M, EV 83.8 MPH)
Batting: LHB Phil DeCamp 0-0: Ground out U3 (Groundball, 34, EV 87.5 MPH)
Batting: RHB Richard Barrios 0-0: Ball
1-0: Ball
2-0: Ground out U3 (Groundball, 3, EV 77.5 MPH)
Bottom of the 2nd over - 0 runs, 0 hits, 0 errors, 0 left on base; Louisville 1 - Indianapolis 0
TOP OF THE 3RD
Louisville Bats batting - Pitching for Indianapolis Indians : RHP Jeremy Parsnip
Batting: SHB Paul Sandoval 0-0: Ground out 5-3 (Groundball, 5L, EV 100.6 MPH)
Batting: LHB Jamie Spangenberg 0-0: Swinging Strike
0-1: Ball
1-1: Foul Ball, location: 2F
1-2: Ball
2-2: SINGLE (Groundball, 6MD, EV 101.2 MPH)
Batting: RHB Juan Reyes 0-0: Ball
1-0: Ball
2-0: Called Strike
2-1: Fielders Choice at 2nd, 6-4 (Groundball, 6MD, EV 86.2 MPH)
Batting: RHB Jonathan Robies 0-0: Ball
Juan Reyes steals 2nd base
1-0: Ball
2-0: Called Strike
2-1: Foul Ball, location: 2F
2-2: Ball
3-2: Fly out, F9 (Flyball, 9LM, EV 96.2 MPH)
Top of the 3rd over - 0 runs, 1 hit, 0 errors, 1 left on base; Louisville 1 - Indianapolis 0
BOTTOM OF THE 3RD
Indianapolis Indians batting - Pitching for Louisville Bats : LHP Edwin Pacheco
Batting: LHB Gregg Kellerman 0-0: Called Strike
0-1: Foul Ball, location: 2F
0-2: Ball
1-2: Ball
2-2: Foul Ball, location: 2F
2-2: Strikes out swinging
Batting: LHB Jorge Quintana 0-0: Ground out 6-3 (Groundball, 6, EV 108.1 MPH)
Batting: LHB Edwin Aguilar 0-0: Called Strike
0-1: Ground out 4-3 (Groundball, 4, EV 85.0 MPH)
Bottom of the 3rd over - 0 runs, 0 hits, 0 errors, 0 left on base; Louisville 1 - Indianapolis 0
TOP OF THE 4TH
Louisville Bats batting - Pitching for Indianapolis Indians : RHP Jeremy Parsnip
Batting: LHB Leo Gomez 0-0: Foul Ball, location: 2F
0-1: Called Strike
0-2: Ground out 4-3 (Groundball, 4, EV 86.9 MPH)
Batting: LHB Jared Paige 0-0: Ball
1-0: Called Strike
1-1: Ball
2-1: Foul Ball, location: 2F
2-2: Foul Ball, location: 2F
2-2: Ball
3-2: Strikes out swinging, 2-3 out at first.
Batting: RHB Danny Real 0-0: Ground out 6-3 (Groundball, 6, EV 88.8 MPH)
Top of the 4th over - 0 runs, 0 hits, 0 errors, 0 left on base; Louisville 1 - Indianapolis 0
BOTTOM OF THE 4TH
Indianapolis Indians batting - Pitching for Louisville Bats : LHP Edwin Pacheco
Batting: RHB Nick Wicker 0-0: Foul Ball, location: 2F
0-1: Ball
1-1: Foul Ball, location: 2F
1-2: Ball
2-2: SINGLE (Line Drive, 4M, EV 100.6 MPH)
Batting: RHB Hugo Zacarias 0-0: Ball
Nick Wicker steals 2nd base
1-0: Swinging Strike
1-1: Ball
2-1: Foul Ball, location: 2F
2-2: Foul Ball, location: 2F
2-2: Ball
3-2: Strikes out swinging
Batting: RHB Alain Marquet 0-0: Called Strike
0-1: Called Strike
0-2: Foul Ball, location: 2F
0-2: SINGLE (Line Drive, 8LS, EV 101.2 MPH)
Nick Wicker to third
Runner from 3rd tries for Home, SAFE, throw by CF to home
Batting: RHB Chris Pozzi 0-0: Ball
1-0: Ball
2-0: Ball
3-0: Base on Balls
Alain Marquet to second
Batting: LHB Phil DeCamp 0-0: Swinging Strike
0-1: Foul Ball, location: 2F
0-2: Strikes out swinging
Batting: RHB Richard Barrios 0-0: Fly out, F7 (Flyball, 78D, EV 103.1 MPH)
Bottom of the 4th over - 1 run, 2 hits, 0 errors, 2 left on base; Louisville 1 - Indianapolis 1
TOP OF THE 5TH
Louisville Bats batting - Pitching for Indianapolis Indians : RHP Jeremy Parsnip
Batting: RHB Ben Hinman 0-0: Called Strike
0-1: DOUBLE (Groundball, 5L, EV 102.5 MPH)
Batting: RHB Won-jun Park 0-0: Foul Ball, location: 2F
0-1: Ball
1-1: Called Strike
1-2: SINGLE (Groundball, 5S, EV 68.1 MPH) (infield hit)
Ben Hinman to third
Batting: SHB Paul Sandoval 0-0: Called Strike
Won-jun Park is caught stealing 2nd base 2-6
0-1: Foul Ball, location: 2F
0-2: Ball
1-2: SINGLE (Groundball, 4MD, EV 96.9 MPH)
Ben Hinman scores
Batting: LHB Jamie Spangenberg 0-0: Ball
1-0: Swinging Strike
1-1: Swinging Strike
1-2: Reached on error, E3 (Groundball, 3, EV 86.2 MPH)
Paul Sandoval to second
Batting: RHB Juan Reyes 0-0: Foul Ball, location: 2F
0-1: Ball
1-1: Called Strike
Paul Sandoval is caught stealing 3rd base 2-5
Jamie Spangenberg to second
1-2: SINGLE (Groundball, 6S, EV 73.8 MPH) (infield hit)
Jamie Spangenberg to third
Batting: RHB Jonathan Robies 0-0: Called Strike
0-1: Fielders Choice at 2nd, 5-4 (Groundball, 56, EV 81.2 MPH)
Top of the 5th over - 1 run, 4 hits, 1 error, 2 left on base; Louisville 2 - Indianapolis 1
BOTTOM OF THE 5TH
Indianapolis Indians batting - Pitching for Louisville Bats : LHP Edwin Pacheco
Batting: LHB Gregg Kellerman 0-0: Ball
1-0: Swinging Strike
1-1: Ball
2-1: Ball
3-1: Ground out 6-3 (Groundball, 4, EV 85.0 MPH)
Batting: LHB Jorge Quintana 0-0: Called Strike
0-1: Ground out U3 (Groundball, 3, EV 86.2 MPH)
Batting: LHB Edwin Aguilar 0-0: Ball
1-0: Called Strike
1-1: Ball
2-1: Ground out 4-3 (Groundball, 4, EV 91.2 MPH)
Bottom of the 5th over - 0 runs, 0 hits, 0 errors, 0 left on base; Louisville 2 - Indianapolis 1
TOP OF THE 6TH
Louisville Bats batting - Pitching for Indianapolis Indians : RHP Jeremy Parsnip
Batting: LHB Leo Gomez 0-0: Ball
1-0: Ball
2-0: Ball
3-0: Called Strike
3-1: Fly out, F8 (Flyball, 8RM, EV 88.1 MPH)
Batting: LHB Jared Paige 0-0: Ball
1-0: Called Strike
1-1: Fly out, F4 (Popup, 4MS, EV 76.2 MPH)
Batting: RHB Danny Real 0-0: Foul Ball, location: 2F
0-1: Called Strike
0-2: Hit by Pitch
Batting: RHB Ben Hinman 0-0: Called Strike
Danny Real steals 2nd base
0-1: Ball
1-1: Ball
2-1: SINGLE (Groundball, 6D, EV 103.8 MPH)
Danny Real to third
Runner from 3rd tries for Home, SAFE, throw by LF to home
Batting: RHB Won-jun Park 0-0: Fly out, F8 (Flyball, 8LXD, EV 95.6 MPH)
Top of the 6th over - 1 run, 1 hit, 0 errors, 1 left on base; Louisville 3 - Indianapolis 1
BOTTOM OF THE 6TH
Indianapolis Indians batting - Pitching for Louisville Bats : LHP Edwin Pacheco
Batting: RHB Nick Wicker 0-0: Fly out, F9 (Flyball, 9D, EV 86.9 MPH)
Batting: RHB Hugo Zacarias 0-0: Swinging Strike
0-1: Ball
1-1: Ball
2-1: Ball
3-1: Ground out 4-3 (Groundball, 4M, EV 85.6 MPH)
Batting: RHB Alain Marquet 0-0: Called Strike
0-1: Ball
1-1: Ground out 1-3 (Groundball, 15S, EV 71.9 MPH)
Bottom of the 6th over - 0 runs, 0 hits, 0 errors, 0 left on base; Louisville 3 - Indianapolis 1
TOP OF THE 7TH
Louisville Bats batting - Pitching for Indianapolis Indians : RHP Jeremy Parsnip
Batting: SHB Paul Sandoval 0-0: Ball
1-0: SOLO HOME RUN (Flyball, 89XD, EV 98.1 MPH), Distance : 382 ft
Batting: LHB Jamie Spangenberg 0-0: Swinging Strike
0-1: Swinging Strike
0-2: Ball
1-2: Strikes out swinging
Pitching: RHP Shuuhei Watanabe
Batting: RHB Juan Reyes 0-0: Foul Ball, location: 2F
0-1: Ball
1-1: Swinging Strike
1-2: Ball
2-2: DOUBLE (Line Drive, 7LM, EV 87.5 MPH)
Batting: RHB Jonathan Robies 0-0: Called Strike
0-1: Ball
1-1: Ball
2-1: Ball
3-1: Base on Balls
Batting: LHB Leo Gomez 0-0: Ball
1-0: Ball
2-0: Foul Ball, location: 2F
2-1: Called Strike
2-2: Strikes out swinging
Batting: LHB Jared Paige 0-0: Ball
1-0: Foul Ball, location: 2F
1-1: Foul Ball, location: 2F
1-2: SINGLE (Groundball, 6, EV 94.4 MPH)
Juan Reyes to third
Jonathan Robies to second
Throwing error, E8
Juan Reyes scores
Jonathan Robies to third
Jared Paige to second
Batting: RHB Danny Real 0-0: Called Strike
0-1: Ball
1-1: SINGLE (Groundball, 6D, EV 101.2 MPH)
Jonathan Robies scores
Jared Paige to third
Runner from 3rd tries for Home, SAFE, throw by CF to home
Pitching: LHP Vince Zujovic
Batting: RHB Ben Hinman 0-0: Ball
1-0: Swinging Strike
1-1: Ball
2-1: Foul Ball, location: 2F
2-2: Ball
3-2: Base on Balls
Danny Real to second
Batting: RHB Won-jun Park 0-0: Foul Ball, location: 2F
0-1: Foul Ball, location: 2F
0-2: Ball
1-2: Strikes out swinging
Top of the 7th over - 4 runs, 4 hits, 1 error, 2 left on base; Louisville 7 - Indianapolis 1
BOTTOM OF THE 7TH
Indianapolis Indians batting - Pitching for Louisville Bats : LHP Edwin Pacheco
Batting: RHB Chris Pozzi 0-0: Foul Ball, location: 2F
0-1: Foul Ball, location: 2F
0-2: Ball
1-2: Fly out, F8 (Line Drive, 8LM, EV 98.8 MPH)
Batting: LHB Phil DeCamp 0-0: Foul Ball, location: 2F
0-1: Foul Ball, location: 2F
0-2: Strikes out looking
Batting: RHB Richard Barrios 0-0: Called Strike
0-1: Foul Ball, location: 2F
0-2: Foul Ball, location: 2F
0-2: Ball
1-2: Foul Ball, location: 2F
1-2: Foul Ball, location: 2F
1-2: Ball
2-2: Fly out, F8 (Flyball, 8RD, EV 95.0 MPH)
Bottom of the 7th over - 0 runs, 0 hits, 0 errors, 0 left on base; Louisville 7 - Indianapolis 1
TOP OF THE 8TH
Louisville Bats batting - Pitching for Indianapolis Indians : LHP Vince Zujovic
Batting: SHB Paul Sandoval 0-0: SINGLE (Line Drive, 34D, EV 94.4 MPH)
Batting: LHB Jamie Spangenberg 0-0: Ball
1-0: SINGLE (Groundball, 25, EV 75.0 MPH) (infield hit)
Paul Sandoval to second
Batting: RHB Juan Reyes 0-0: Called Strike
0-1: SINGLE (Groundball, 6MS, EV 73.1 MPH) (infield hit)
Paul Sandoval to third
Jamie Spangenberg to second
Batting: RHB Jonathan Robies 0-0: SINGLE (Line Drive, 34, EV 98.8 MPH)
Paul Sandoval scores
Jamie Spangenberg to third
Juan Reyes to second
Batting: LHB Leo Gomez 0-0: Ball
1-0: Ball
2-0: SINGLE (Line Drive, 6D, EV 95.6 MPH)
Jamie Spangenberg scores
Juan Reyes to third
Jonathan Robies to second
Batting: LHB Jared Paige 0-0: Ball
1-0: Ball
2-0: Called Strike
2-1: Ball
3-1: Foul Ball, location: 2F
3-2: Strikes out swinging
Batting: RHB Danny Real 0-0: Fielders Choice at 2nd, 5-4 (Groundball, 5, EV 101.9 MPH)
Juan Reyes scores
Jonathan Robies to third
Batting: RHB Ben Hinman 0-0: Swinging Strike
0-1: Fly out, F9 (Flyball, 9, EV 90.0 MPH)
Top of the 8th over - 3 runs, 5 hits, 0 errors, 2 left on base; Louisville 10 - Indianapolis 1
BOTTOM OF THE 8TH
Indianapolis Indians batting - Pitching for Louisville Bats : LHP Edwin Pacheco
Batting: LHB Gregg Kellerman 0-0: Ball
1-0: Called Strike
1-1: Foul Ball, location: 2F
1-2: Ground out 1-3 (Groundball, 13S, EV 70.6 MPH)
Batting: LHB Jorge Quintana 0-0: Called Strike
0-1: Fly out, F7 (Flyball, 7LD, EV 90.0 MPH)
Batting: LHB Edwin Aguilar 0-0: Ball
1-0: Foul Ball, location: 2F
1-1: Foul Ball, location: 2F
1-2: Ground out 6-3 (Groundball, 6MS, EV 62.5 MPH)
Bottom of the 8th over - 0 runs, 0 hits, 0 errors, 0 left on base; Louisville 10 - Indianapolis 1
TOP OF THE 9TH
Louisville Bats batting - Pitching for Indianapolis Indians : LHP Vince Zujovic
Batting: RHB Won-jun Park 0-0: Ball
1-0: Called Strike
1-1: Called Strike
1-2: Strikes out swinging
Batting: SHB Paul Sandoval 0-0: Ball
1-0: Ball
2-0: Ball
3-0: Called Strike
3-1: Foul Ball, location: 2F
3-2: SINGLE (Line Drive, 4MD, EV 94.4 MPH)
Batting: LHB Jamie Spangenberg 0-0: Ball
1-0: Called Strike
1-1: Called Strike
1-2: Ball
2-2: Ball
3-2: Foul Ball, location: 2F
3-2: Fly out, F4 (Popup, 4M, EV 58.1 MPH)
Pitching: RHP Robby Poyfair
Batting: RHB Juan Reyes 0-0: SINGLE (Groundball, 6MD, EV 97.5 MPH)
Paul Sandoval to second
Runner from 2nd tries for 3rd, OUT! 8-5
Top of the 9th over - 0 runs, 2 hits, 0 errors, 1 left on base; Louisville 10 - Indianapolis 1
BOTTOM OF THE 9TH
Indianapolis Indians batting - Pitching for Louisville Bats : LHP Edwin Pacheco
Pitching: RHP Ken Armstrong
Batting: RHB Nick Wicker 0-0: Ball
1-0: Called Strike
1-1: Called Strike
1-2: SINGLE (Groundball, 25, EV 65.6 MPH) (infield hit)
Pinch Hitting: LHB Carlos Vega 0-0: Called Strike
0-1: Called Strike
0-2: Ball
1-2: Strikes out swinging
Batting: RHB Alain Marquet 0-0: Fly out, F8 (Flyball, 8LM, EV 85.6 MPH)
Batting: RHB Chris Pozzi 0-0: Ball
1-0: Swinging Strike
1-1: Ball
2-1: Foul Ball, location: 2F
2-2: Strikes out swinging
Bottom of the 9th over - 0 runs, 1 hit, 0 errors, 1 left on base; Louisville 10 - Indianapolis 1
Sunday, July 16th , 2023 - OOTP Baseball 24.6 Build 69